 Dungeon Crawl Stone Soup version 0.31-a0-174-g85c54bcb58 (webtiles) character file.

Game seed: 4495448977004240385

297 qw the Shooter (level 6, -2/58 HPs)
             Began as a Naga Hunter on June 15, 2023.
             Slain by an ogre
             ... wielding a +0 giant club
              (12 damage)
             ... on level 3 of the Dungeon.
             The game lasted 00:00:48 (2014 turns).

qw the Shooter (Naga Hunter)                        Turns: 2014, Time: 00:00:49

Health: -2/58      AC:  7    Str: 13    XL:     6   Next: 35%
Magic:  6/6        EV: 10    Int: 10    God:
Gold:   111        SH:  0    Dex: 16    Spells: 5/5 levels left

rFire   . . .        Y - +0 shortbow
rCold   . . .        (shield currently unavailable)
rNeg    + . .        g - +1 robe {rN+}
rPois   +            e - +1 hat
rElec   .            f - +0 cloak
rCorr   .            b - +0 pair of gloves
SInv    +            (no barding)
Will    .....        (no amulet)
Stlth   ++           (no ring)
HPRegen 0.29/turn    (no ring)
MPRegen 0.10/turn

%: no passive effects
@: short of breath, very slow
A: AC +2, large, see invisible, deformed body, poison resistance, slowness 2,
spit poison 1, naga tail 1
a: Spit Poison


You were on level 3 of the Dungeon.
You visited 1 branch of the dungeon, and saw 4 of its levels.

You collected 111 gold pieces.


Innate Abilities, Weirdness & Mutations

Your serpentine skin is tough. (AC +2)
You have supernaturally acute eyesight. (SInv)
Armour fits poorly on your strangely shaped body.
Your system is resistant to poisons. (rPois)
You cover ground very slowly.
You can spit poison.
You have a snake-like lower body.


   Skills:
 - Level 4.7 Fighting
 + Level 5.4 Ranged Weapons
 - Level 1.5 Dodging
 - Level 1.5 Stealth


You had 5 spell levels left.
You didn't know any spells.
Your spell library was empty.

Inventory:

Hand Weapons
 Y - a +0 shortbow (weapon)
Armour
 b - a +0 pair of gloves (worn)
 e - a +1 hat (worn)
 f - a +0 cloak (worn)
 g - a +1 robe of positive energy (worn)
Scrolls
 a - a scroll of identify
Potions
 d - a potion of heal wounds {unknown}

Dungeon Overview and Level Annotations

Branches:
Dungeon (4/15)
 Temple: D:4-7

Altars:

Annotations:
D:2 1 runed translucent door, Crazy Yiuf


Message History

Enter note:
Enter note:
Enter note:
Enter note:
Enter note:
Enter note:
Enter note:
2008 ||| INVOKING Spit Poison.
Aiming: Spit Poison (1% risk of failure)
Press: ? - help, Shift-Dir - straight line, f - ogre The splash of poison hits the ogre but does no damage.
The ogre is poisoned.
The ogre is moderately wounded.
The adder misses you. The ogre hits you with a +0 giant club.
You shoot an arrow.
The arrow hits the ogre but does no damage.
The ogre is moderately wounded.
The adder bites you but does no damage. The ogre closely misses you.
The adder bites you but does no damage.
You shoot an arrow. The arrow hits the ogre.
The ogre is moderately wounded.
The adder bites you but does no damage. The ogre hits you with a +0 giant club!
The adder bites you but does no damage.
You shoot an arrow. The arrow hits the ogre.
The ogre is heavily wounded.
You have got your breath back.
The adder closely misses you.
2012 ||| INVOKING Spit Poison.
Aiming: Spit Poison (1% risk of failure)
Press: ? - help, Shift-Dir - straight line, f/p - ogre The splash of poison misses the ogre.
The ogre looks more healthy.
The adder bites you but does no damage. The ogre hits you with a +0 giant club!
You shoot an arrow. The arrow hits the ogre.
The ogre is severely wounded.
The adder bites you but does no damage. The ogre barely misses you.
The adder bites you.
You shoot an arrow. The arrow completely misses the ogre.
The adder bites you but does no damage. The ogre hits you with a +0 giant club!
You die...

.........###...#
...##....###...#
.....##.....#.##
..##.....##...#
.#######.)....###
...........#....####
########.#..#.#....#
.....###.##....S...##
####...#.##.....@O..##
###...##..........###
######......!.....#
#.......######
#########


You could see an ogre and an adder.

Vanquished Creatures
  Sigmund (D:2)
  Jessica (D:2)
  2 adders
  A worm (D:3)
  2 dart slugs
  5 orcs (D:3)
  4 bats
  2 endoplasms
  3 giant cockroaches
  7 goblins
  5 hobgoblins
  4 jackals (D:3)
  4 quokkas
  9 ball pythons
  4 frilled lizards
  3 kobolds
  9 rats
66 creatures vanquished.

Notes
Turn   | Place    | Note
-------+----------+-------------------------------------------
     0 | D:1      | qw the Naga Hunter began the quest for the Orb.
     0 | D:1      | Reached XP level 1. HP: 19/19 MP: 1/1
     0 | D:1      | 0 ||| qw: Version: 0.2-a-29-g511e9b1
     0 | D:1      | 0 ||| qw: Game counter: 5405
     0 | D:1      | 0 ||| qw: Always use a shield: true
     0 | D:1      | 0 ||| qw: God list: Okawaru
     0 | D:1      | 0 ||| qw: Allow faded altars: false
     0 | D:1      | 0 ||| qw: Do Orc after D:15 true
     0 | D:1      | 0 ||| qw: Do second Lair branch before Depths: true
     0 | D:1      | 0 ||| qw: Lair rune preference: random
     0 | D:1      | 0 ||| qw: Plans: Normal
     0 | D:1      | 0 ||| PLANNING D:1-11
    27 | D:1      | 27 ||| INVOKING Spit Poison.
    55 | D:1      | 55 ||| INVOKING Spit Poison.
   117 | D:1      | 117 ||| INVOKING Spit Poison.
   128 | D:1      | Reached skill level 4 in Ranged Weapons
   128 | D:1      | Reached XP level 2. HP: 26/26 MP: 2/2
   131 | D:1      | 131 ||| INVOKING Spit Poison.
   147 | D:1      | 147 ||| INVOKING Spit Poison.
   158 | D:1      | 158 ||| INVOKING Spit Poison.
   233 | D:1      | 233 ||| INVOKING Spit Poison.
   283 | D:1      | 283 ||| INVOKING Spit Poison.
   291 | D:1      | 291 ||| INVOKING Spit Poison.
   305 | D:1      | 305 ||| INVOKING Spit Poison.
   311 | D:1      | 311 ||| INVOKING Spit Poison.
   314 | D:1      | 314 ||| INVOKING Spit Poison.
   433 | D:1      | Reached XP level 3. HP: 32/32 MP: 3/3
   506 | D:1      | 506 ||| INVOKING Spit Poison.
   511 | D:1      | 511 ||| INVOKING Spit Poison.
   808 | D:1      | Found a faded altar of an unknown god.
   865 | D:1      | 865 ||| UPGRADING to +1 robe of positive energy.
   875 | D:1      | 875 ||| DROPPING +0 leather armour.
   876 | D:1      | 876 ||| READING 3 scrolls labelled GUANOM ABORGH.
   877 | D:1      | 877 ||| READING scroll labelled QOINAB XYUGAQO.
   878 | D:1      | 878 ||| READING scroll labelled BINUDUONIY.
   879 | D:1      | 879 ||| READING scroll labelled FAENIN IS GUSU.
   880 | D:1      | 880 ||| READING scroll labelled BEEDEH ETOKH.
   884 | D:1      | 884 ||| READING 2 scrolls of identify.
   884 | D:1      | 884 ||| IDENTIFYING grey potion
   885 | D:1      | 885 ||| DROPPING scroll of butterflies.
   886 | D:1      | 886 ||| DROPPING potion of attraction.
   911 | D:2      | Noticed Jessica
   914 | D:2      | 914 ||| INVOKING Spit Poison.
   914 | D:2      | Killed Jessica
   915 | D:2      | Reached skill level 5 in Ranged Weapons
   915 | D:2      | Reached XP level 4. HP: 39/39 MP: 4/4
   934 | D:2      | Noticed Sigmund
   937 | D:2      | 937 ||| INVOKING Spit Poison.
   940 | D:2      | 940 ||| INVOKING Spit Poison.
   944 | D:2      | 944 ||| INVOKING Spit Poison.
   947 | D:2      | Killed Sigmund
   948 | D:2      | Reached XP level 5. HP: 32/51 MP: 5/5
   948 | D:2      | Reached XP level 6. HP: 36/58 MP: 6/6
  1029 | D:2      | Found a runed translucent door.
  1030 | D:2      | Noticed Crazy Yiuf
  1061 | D:2      | 1061 ||| INVOKING Spit Poison.
  1088 | D:2      | 1088 ||| INVOKING Spit Poison.
  1117 | D:2      | 1117 ||| INVOKING Spit Poison.
  1160 | D:2      | 1160 ||| INVOKING Spit Poison.
  1168 | D:2      | 1168 ||| INVOKING Spit Poison.
  1207 | D:2      | 1207 ||| INVOKING Spit Poison.
  1213 | D:2      | 1213 ||| INVOKING Spit Poison.
  1232 | D:2      | 1232 ||| INVOKING Spit Poison.
  1252 | D:2      | 1252 ||| INVOKING Spit Poison.
  1363 | D:2      | 1363 ||| INVOKING Spit Poison.
  1387 | D:2      | 1387 ||| INVOKING Spit Poison.
  1472 | D:2      | 1472 ||| UPGRADING to +1 hat.
  1477 | D:2      | 1477 ||| UPGRADING to +0 cloak.
  1482 | D:2      | 1482 ||| READING scroll labelled ZINNOI HODI.
  1483 | D:2      | 1483 ||| READING scroll labelled UDDURU JANE.
  1531 | D:3      | 1531 ||| INVOKING Spit Poison.
  1548 | D:3      | 1548 ||| INVOKING Spit Poison.
  1551 | D:3      | 1551 ||| INVOKING Spit Poison.
  1614 | D:3      | 1614 ||| INVOKING Spit Poison.
  1618 | D:3      | 1618 ||| INVOKING Spit Poison.
  1623 | D:3      | 1623 ||| INVOKING Spit Poison.
  1628 | D:3      | 1628 ||| INVOKING Spit Poison.
  1634 | D:3      | 1634 ||| INVOKING Spit Poison.
  1638 | D:3      | 1638 ||| INVOKING Spit Poison.
  1766 | D:3      | 1766 ||| INVOKING Spit Poison.
  1769 | D:3      | 1769 ||| INVOKING Spit Poison.
  1832 | D:3      | 1832 ||| INVOKING Spit Poison.
  1852 | D:3      | 1852 ||| INVOKING Spit Poison.
  1855 | D:3      | 1855 ||| INVOKING Spit Poison.
  1992 | D:3      | 1992 ||| UPGRADING to +0 pair of gloves.
  1997 | D:3      | 1997 ||| DROPPING +6 ring of intelligence.
  1998 | D:3      | 1998 ||| READING 2 scrolls of identify.
  1998 | D:3      | 1998 ||| IDENTIFYING murky blue potion
  1999 | D:3      | 1999 ||| DROPPING potion of enlightenment.
  2004 | D:4      | 2004 ||| PLANNING OSSUARY
  2004 | D:4      | 2004 ||| INVOKING Spit Poison.
  2006 | D:4      | 2006 ||| STAIRDANCE
  2008 | D:3      | 2008 ||| INVOKING Spit Poison.
  2012 | D:3      | 2012 ||| INVOKING Spit Poison.
  2012 | D:3      | HP: 12/58 [ogre/+0 giant club (11)]
  2014 | D:3      | Slain by an ogre

Levels and vault maps discovered:
D:1:      minmay_arrival_diagonal_passages, layout_basic,
          dreamdust_ecumenical_altar_hidden_monk_grotto
D:2:      layout_rooms, minmay_misc_feat_more_columns, eino_curves_02,
          uniq_crazy_yiuf_cottage, uniq_sigmund, uniq_jessica
D:3:      layout_rooms, minivault_24
D:4:      layout_basic, grunt_temple_overflow_bloody_war, kennysheep_mini_moat,
          mainiacjoe_overflow_chevrons, enter_ossuary_4,
          chequers_hall_statues_wall_a, uniq_duvessa

Skill      XL: |  1  2  3  4 |
---------------+-------------+-----
Ranged Weapons | 4 5 |  5.4
Fighting       | 4 |  4.7
Dodging        | |  1.5
Stealth        | |  1.5

Action                     |  1- 3 |  4- 6 || total
---------------------------+-------+-------++-------
   Fire: Shortbow          |    38 |    82 ||   120
Ability: Spit Poison       |    15 |    31 ||    46
    Use: Scroll            |     6 |     3 ||     9
 Armour: Leather armour    |     2 |       ||     2
         Robe              |       |    37 ||    37
  Dodge: Dodged            |     4 |    52 ||    56

Table legend:
 A = Non-vault XP
 B = Vault XP
 C = Vault XP percentage of total XP
 D = Non-vault monster count
 E = Vault monster count
 F = Vault count percentage of total count
                 A         B        C        D         E       F
            +---------+---------+-------+---------+---------+-------
      Total |     141 |     284 |  66.8 |      64 |       2 |   3.0
            +---------+---------+-------+---------+---------+-------
        D:1 |      46 |       0 |   0.0 |      26 |       0 |   0.0
        D:2 |      40 |     284 |  87.7 |      20 |       2 |   9.1
        D:3 |      53 |       0 |   0.0 |      17 |       0 |   0.0
        D:4 |       2 |       0 |   0.0 |       1 |       0 |   0.0
            +---------+---------+-------+---------+---------+-------
